 Dungeon Crawl Stone Soup version 0.27.0-1-g7a089689b8 (webtiles) character file.

Game seed: 8535716192828225986

294 fiver49 the Chopper (level 6, -2/44 HPs)
             Began as a Formicid Warper on Aug 2, 2021.
             Slain by a phantom (5 damage)
             ... on level 4 of the Dungeon.
             The game lasted 00:05:22 (4050 turns).

fiver49 the Chopper (Formicid Warper)               Turns: 4050, Time: 00:05:24

Health: -2/44      AC:  9    Str: 17    XL:     6   Next: 60%
Magic:  9/9        EV:  7    Int: 13    God:
Gold:   89         SH:  0    Dex: 10    Spells: 9/9 levels left

rFire    . . .     SeeInvis +   a - +0 hand axe
rCold    . . .     Faith    .   (no shield)
rNeg     . . .     Spirit   .   o - +0 chain mail
rPois    .         Reflect  .   (helmet unavailable)
rElec    .         Harm     .   (no cloak)
rCorr    .         Rampage  .   e - +0 pair of gloves
Will     .....                  (no boots)
Stlth    ..........             (no amulet)
HPRegen  0.14/turn              (no ring)
MPRegen  0.11/turn              (no ring)

@: no status effects
A: permanent stasis, dig shafts and tunnels, antennae 3, four strong arms
a: Dig, Shaft Self


You were on level 4 of the Dungeon.
You visited 1 branch of the dungeon, and saw 4 of its levels.

You collected 89 gold pieces.

Inventory:

Hand Weapons
 a - a +0 hand axe (weapon)
Missiles
 c - 2 boomerangs of dispersal
 l - 2 curare-tipped darts
Armour
 b - a +0 leather armour
 e - a +0 pair of gloves (worn)
 o - a +0 chain mail (worn)
Jewellery
 d - an amulet of faith
Scrolls
 f - a scroll of enchant weapon {unknown}
 g - 6 scrolls of identify {unknown}
 h - 3 scrolls of fear {unknown}
 k - 3 scrolls of enchant armour {unknown}
Potions
 i - a potion of invisibility {unknown}
 j - a potion of resistance {unknown}
 m - a potion of curing {unknown}
 n - a potion of ambrosia {unknown}


   Skills:
 - Level 2.1 Fighting
 + Level 6.5 Axes
 - Level 1.0 Throwing
 - Level 1.1 Armour
 - Level 1.7 Dodging
 - Level 2.1 Spellcasting
 - Level 2.6 Translocations


You had 9 spell levels left.
You didn't know any spells.
Your spell library contained the following spells:

 Spells                   Type           Power      Damage    Failure   Level
 Gell's Gravitas          Tloc           4%         N/A       99%         3
 Lesser Beckoning         Tloc           4%         N/A       99%         3
 Teleport Other           Tloc           8%         N/A       99%         3
 Manifold Assault         Tloc           8%         N/A       100%        5
 Blink                    Tloc           Unusable   N/A       N/A         2

Dungeon Overview and Level Annotations

Branches:
Dungeon (4/15)
 Temple: D:4-7

Altars:


Innate Abilities, Weirdness & Mutations

You cannot be hasted, slowed, berserked, paralysed or teleported.
You can dig through walls and to a lower floor.
You have a pair of large antennae on your head. (SInv)
Your four strong arms can wield two-handed weapons with a shield.


Message History

The phantom hits you.
You closely miss the phantom.
The phantom is severely damaged.
The phantom hits you.
You miss the phantom.
The phantom is severely damaged.
The phantom hits you.
You hit the phantom.
The phantom is severely damaged.
The phantom hits you but does no damage.
You hit the phantom.
The phantom is almost destroyed.
You hit the phantom but do no damage.
The phantom is almost destroyed.
The phantom hits you.
You hit the phantom but do no damage.
The phantom is almost destroyed.
The phantom hits you but does no damage.
You closely miss the phantom.
The phantom is almost destroyed.
The phantom hits you.
* * * LOW HITPOINT WARNING * * *
You closely miss the phantom.
The phantom is almost destroyed.
The phantom hits you.
* * * LOW HITPOINT WARNING * * *
You barely miss the phantom.
The phantom is almost destroyed.
The phantom hits you.
* * * LOW HITPOINT WARNING * * *
Okay, then.
There is a stone staircase leading up here.
Okay, then.
Throw: 3 boomerangs (disperse)
Press: ? - help, Q - select action, (/) - cycle Shift-Dir - straight line, f - phantom
Aim: a phantom (almost destroyed, 41% to hit)
You throw a boomerang of dispersal.
The boomerang of dispersal barely misses the phantom.
The phantom hits you.
You die...

{
###
#@#
#W#
#.#
#.#
#.#
#.#
#.#
#.#
#.#


You could see a phantom.

Vanquished Creatures
  Sigmund (D:3)
  An orc priest (D:3)
  3 adders (D:2)
  A worm (D:2)
  A dart slug (D:1)
  2 orcs (D:3)
  5 endoplasms
  4 giant cockroaches
  4 hobgoblins
  14 jackals
  6 kobolds
  2 quokkas
  6 ball pythons
  9 bats
  4 frilled lizards
  4 goblins
  4 rats
71 creatures vanquished.

Notes
Turn   | Place    | Note
-------+----------+-------------------------------------------
     0 | D:1      | fiver49 the Formicid Warper began the quest for the Orb.
     0 | D:1      | Reached XP level 1. HP: 16/16 MP: 3/3
   310 | D:1      | Reached XP level 2. HP: 16/22 MP: 5/5
   475 | D:1      | Reached skill level 3 in Axes
   674 | D:1      | Reached XP level 3. HP: 17/27 MP: 6/6
  1404 | D:1      | Found a faded altar of an unknown god.
  1863 | D:2      | Reached skill level 4 in Axes
  1863 | D:2      | Reached XP level 4. HP: 20/33 MP: 7/7
  3358 | D:3      | Noticed Sigmund
  3562 | D:3      | Reached XP level 5. HP: 37/38 MP: 8/8
  3575 | D:3      | Killed Sigmund
  3576 | D:3      | Reached skill level 6 in Axes
  3576 | D:3      | Reached XP level 6. HP: 44/44 MP: 9/9
  4045 | D:4      | HP: 2/44 [phantom (5)]
  4050 | D:4      | Slain by a phantom

Illustrated notes

Levels and vault maps discovered:
D:1:      dpeg_arrival_chambers_temple_mockup, layout_basic,
          hellmonk_ecumenical_altar_prayer_group, chequers_serial_rivers_micro_e
D:2:      layout_basic, kennysheep_generic_room_2
D:3:      layout_rooms, grunt_decor_arrowhead, uniq_sigmund
D:4:      layout_basic

Skill      XL: |  1  2  3  4  5 |
---------------+----------------+-----
Axes           | 3 4 6 |  6.5
Fighting       | |  2.1
Throwing       | |  1.0
Armour         | |  1.1
Dodging        | |  1.7
Spellcasting   | |  2.1
Translocations | |  2.6

Action                   |  1- 3 |  4- 6 || total
-------------------------+-------+-------++-------
Melee: Hand axe          |   129 |   144 ||   273
Throw: Boomerang         |     2 |     1 ||     3
       Dart              |       |     7 ||     7
Armor: Leather armour    |    42 |    51 ||    93
       Chain mail        |       |    12 ||    12
Dodge: Dodged            |   102 |    84 ||   186
